 Dungeon Crawl Stone Soup version 0.13.0-29-gdb529de (webtiles) character file.

10382 Lilouch the Conjurer (level 11, -4/54 HPs)
             Began as a Deep Elf Fire Elementalist on Nov 10, 2013.
             Was a Follower of Kikubaaqudgha.
             Slain by a thrashing horror (15 damage)
             ... on Level 1 of the Abyss.
             The game lasted 01:51:14 (10909 turns).

Lilouch the Conjurer (Deep Elf Fire Elementalist)  Turns: 10909, Time: 01:51:16

HP  -4/54        AC  7     Str  4 (5)  XL: 11   Next: 29%
MP   0/30        EV 11     Int 24      God: Kikubaaqudgha [*.....]
Gold 438         SH 21     Dex 15      Spells:  7 memorised,  5 levels left

Res.Fire  : . . .   See Invis. : .   m - +10,+5 mace "Jeczala" {speed, MR+}
Res.Cold  : . . .   Warding    : .   a - +0 elf robe
Life Prot.: . . .   Conserve   : .   d - +1 shield
Res.Poison: .       Res.Corr.  : .   (no helmet)
Res.Elec. : .       Clarity    : .   s - +1 elf cloak {darkness}
Sust.Abil.: . .     Spirit.Shd : .   q - +2 pair of orc bracers {archer}
Res.Mut.  : .       Stasis     : .   (no boots)
Res.Rott. : .       Flight     : .   x - amulet of the gourmand
Gourmand  : +                        (no ring)
                                     (no ring)

@: burdened, slow, very resistant to hostile enchantments, fairly stealthy
A: no striking features
a: Receive Corpses, Renounce Religion, Evoke Invisibility


You were on level 1 of the Abyss.
You worshipped Kikubaaqudgha.
Kikubaaqudgha was aware of your devotion.
You were encumbered.
You were full.

You visited 2 branches of the dungeon, and saw 11 of its levels.
You visited the Abyss 1 time.
You also visited: Sewer.

You collected 418 gold pieces.

Inventory:

Hand weapons
 m - the +10,+5 mace "Jeczala" (weapon) {speed, MR+}
   (You found it on level 4 of the Dungeon)

   Attacks with this weapon take half as long, but cause slightly less damage.
   It affects your resistance to hostile enchantments.
 p - a +0,+0 sling
 y - a +2,+0 spear of dragon slaying (quivered)
Missiles
 f - 42 poisoned needles
 u - 47 sling bullets
 I - 8 curare-tipped needles
Armour
 a - a +0 elven robe (worn)
 d - a +1 shield (worn)
 e - a +0 troll leather armour
 q - a +2 pair of orcish bracers of archery (worn)
 s - a +1 elven cloak of darkness (worn)
Magical devices
 N - a wand of polymorph (5)
Comestibles
 b - a royal jelly
 c - 6 bread rations
 t - 5 meat rations
 v - a grape
Scrolls
 k - 2 scrolls of recharging
 l - 2 scrolls of enchant weapon I
 o - a scroll of blinking {unknown}
 w - a scroll of enchant weapon II
 A - 3 scrolls of immolation
 B - 2 scrolls of teleportation
 D - a scroll of fog
 O - a scroll of amnesia
 P - a scroll of acquirement
Jewellery
 x - an amulet of the gourmand (around neck)
 E - an uncursed ring of hunger {unknown}
Potions
 g - a potion of brilliance {unknown}
 h - a potion of resistance
 n - a potion of restore abilities {unknown}
 z - a potion of berserk rage {unknown}
 F - a potion of speed
 G - a potion of agility {unknown}
 H - a potion of confusion {unknown}
Books
 j - Kikubaaqudgha's Grimoire of Sinister Rites
   (Kikubaaqudgha gifted it to you on level 9 of the Dungeon)

   Spells                             Type                      Level
   Animate Skeleton                   Necromancy                   1
   Corpse Rot                         Necromancy                   2
   Sublimation of Blood               Necromancy                   2
   *Vampiric Draining                 Necromancy                   3
   Control Undead                     Necromancy                   4
 L - a book of Dreams

   Spells                             Type                      Level
   Ensorcelled Hibernation            Hexes/Ice                    2
   *Flight                            Charms/Air                   3
   Phase Shift                        Translocation                5
   Shadow Creatures                   Summoning                    5
   Mass Confusion                     Hexes                        6
   Darkness                           Hexes                        7


   Skills:
 * Level 4.5 Armour
 - Level 2.4 Dodging
 - Level 2.4 Stealth
 + Level 8.6 Shields
 - Level 8.0 Spellcasting
 - Level 10.6 Conjurations
 - Level 8.1 Fire Magic
 + Level 2.6 Evocations


You had 5 spell levels left.
You knew the following spells:

 Your Spells              Type           Power        Failure   Level  Hunger
a - Flame Tongue          Conj/Fire      #####        1%          1    None
b - Conjure Flame         Conj/Fire      ######..     1%          3    None
c - Throw Flame           Conj/Fire      ######       1%          2    None
d - Sticky Flame          Conj/Fire      ######..     2%          4    ##.....
e - Fireball              Conj/Fire      ######....   8%          5    ####...
f - Flight                Chrm/Air       #.........   30%         3    None
g - Vampiric Draining     Necr           #.........   30%         3    None


Dungeon Overview and Level Annotations

Branches:
Dungeon (10/27)            Temple (1/1) D:7             Orc (0/4) D:6
   Lair: D:8-13

Altars:
Ashenzari
Cheibriados
Elyvilon
Fedhas
Kikubaaqudgha
Makhleb
Nemelex Xobeh
Okawaru
Sif Muna
Trog
Vehumet
Xom
Yredelemnul
Zin
the Shining One

Shops:
D:4 *

Annotations:
D:10 Erolcha


Message History

You block the thrashing horror's attack.
The thrashing horror roars!
The thrashing horror tramples you!
You stumble backwards!
Drink which item? (? for menu, Esc to quit)
You feel better. The thrashing horror tramples you.
You hold your ground!
The thrashing horror tramples you!
* * * LOW HITPOINT WARNING * * *
You hold your ground!
Casting: Flame Tongue
Confirm with . or Enter, or press ? or * to list all spells.
Aiming: Flame Tongue
Press: ? - help, Shift-Dir - straight line, f/p - thrashing horror
Aim: a thrashing horror (severely damaged, unusually strong)
The flame hits the thrashing horror.
The thrashing horror resists.
The thrashing horror is almost destroyed.
The thrashing horror tramples you.
* * * LOW HITPOINT WARNING * * *
You stumble backwards!
The thrashing horror tramples you!
You die...
Kikubaaqudgha rasps: "You have failed me!
Welcome... death!"

# ## . #. #.#. .#. ..
#. #### #.##..#######
#.@X.##.....### #
#.#...##..#.... .
#.#...###. ..## #
.##..#.###§.##...#.
≈.#≈≈≈≈≈.3.≈...##.
≈≈≈≈#≈≈≈≈≈##.... .. .
≈≈≈≈≈.#≈♣..##.#..≈#..#
##...#≈≈≈≈≈.#.#≈≈≈.#.
#.≈≈.#≈♣ ≈.≈≈ ≈≈.#.


You could see a thrashing horror and a smoke demon.

Vanquished Creatures
  A thrashing horror (Abyss:1)
  A large abomination (Abyss:1)
  A hill giant (D:10)
  Pikel (D:7)
  A troll (D:10)
  3 hellwings (Abyss:1)
  2 ancient zymes (Abyss:1)
  A ynoxinul (Abyss:1)
  2 flying skulls (Abyss:1)
  15 yaks
  A hill giant zombie (D:9)
  Menkaure (D:7)
  3 orc warriors
  2 sky beasts (D:6)
  An ice beast (D:9)
  6 ogres
  3 phantoms
  2 centaurs
  Sigmund (D:2)
  Duvessa (D:7)
  Blork the orc (D:6)
  A brain worm (Abyss:1)
  A gnoll sergeant (D:6)
  5 giant frogs
  An eye of draining (Abyss:1)
  7 crimson imps
  2 goliath beetles
  Dowan (D:7)
  2 orc priests
  2 hounds
  5 orc wizards
  3 iguanas
  6 worker ants
  5 scorpions
  A sky beast zombie (D:7)
  An ogre skeleton (D:7)
  A hound skeleton (D:4)
  7 gnolls
  A green rat (D:4)
  9 adders
  4 giant mites
  6 worms
  An ufetubus (Abyss:1)
  2 grey rats (D:4)
  4 giant eyeballs
  An ooze (D:7)
  31 orcs
  6 ball pythons
  2 bat zombies (D:7)
  10 giant cockroaches
  10 goblins
  9 hobgoblins
  11 kobolds
  7 bats
  8 giant geckos
  15 giant newts
  A giant spore (D:10)
  A hobgoblin skeleton (D:7)
  A kobold skeleton (D:5)
  An orc skeleton (D:10)
  3 quokkas
  18 rats
  A ballistomycete (D:10)
264 creatures vanquished.

Vanquished Creatures (others)
  A hellwing (Abyss:1)
  A small abomination (Abyss:1)
  A slave (D:7)
  A statue (D:7)
  An orc (D:7)
5 creatures vanquished.

Grand Total: 269 creatures vanquished

Notes
Turn   | Place    | Note
--------------------------------------------------------------
     0 | D:1      | Lilouch, the Deep Elf Fire Elementalist, began the quest for the Orb.
     0 | D:1      | Reached XP level 1. HP: 10/10 MP: 4/4
   238 | D:1      | Reached XP level 2. HP: 15/15 MP: 0/7
   955 | D:2      | Reached XP level 3. HP: 19/19 MP: 5/9
  1119 | D:2      | Noticed Sigmund
  1129 | D:2      | Learned a level 3 spell: Conjure Flame
  1530 | D:3      | Reached skill level 4 in Fire Magic
  1539 | D:3      | Learned a level 2 spell: Throw Flame
  1539 | D:3      | You fall through a shaft!
  1590 | D:4      | Reached XP level 4. HP: 18/24 MP: 7/13
  1686 | D:5      | Entered Level 5 of the Dungeon
  1700 | D:5      | Noticed an ogre
  1735 | D:4      | Got a shimmering mace
  1753 | D:4      | Learned a level 4 spell: Sticky Flame
  1927 | D:4      | Noticed an ogre
  1973 | D:4      | Killed an ogre
  1973 | D:4      | Reached XP level 5. HP: 28/28 MP: 1/17
  2045 | D:4      | Paralysed by a giant eyeball for 4 turns
  2109 | D:4      | Noticed a phantom
  2237 | D:4      | Killed a phantom
  2237 | D:4      | Reached XP level 6. HP: 26/32 MP: 1/19
  2379 | D:4      | Reached skill level 5 in Conjurations
  2394 | D:4      | Found Fiun's Assorted Antiques.
  2512 | D:4      | Noticed a moth of wrath
  2514 | D:4      | Found a bloodstained altar of Trog.
  2678 | D:4      | Found a glowing drain.
  2699 | Sewer    | Entered a sewer
  2909 | Sewer    | Reached skill level 5 in Fire Magic
  3042 | Sewer    | Reached skill level 5 in Spellcasting
  3042 | Sewer    | Reached XP level 7. HP: 18/36 MP: 6/21
  3604 | D:2      | Killed Sigmund
  3604 | D:2      | Reached skill level 6 in Conjurations
  3764 | D:5      | Killed an ogre
  4080 | D:5      | Identified the mace "Jeczala" {speed, MR+} (You found it on level 4 of the Dungeon)
  4414 | D:5      | Reached skill level 7 in Conjurations
  4540 | D:5      | Learned a level 5 spell: Fireball
  4638 | D:5      | Found a deep blue altar of Sif Muna.
  4638 | D:5      | Found a white marble altar of Elyvilon.
  4679 | D:5      | Reached XP level 8. HP: 26/41 MP: 1/24
  4804 | D:5      | Paralysed by a giant eyeball for 2 turns
  5046 | D:6      | Noticed Blork the orc
  5047 | D:6      | Found a burning altar of Makhleb.
  5054 | D:6      | Killed Blork the orc
  5054 | D:6      | Reached skill level 8 in Conjurations
  5093 | D:6      | Noticed a green death
  5095 | D:6      | Found a glowing silver altar of Zin.
  5096 | D:6      | Noticed an angel
  5440 | D:6      | Reached skill level 9 in Conjurations
  5650 | D:6      | Found a staircase to the Orcish Mines.
  5676 | D:6      | Learned a level 3 spell: Flight
  5763 | D:6      | Found a blossoming altar of Fedhas.
  5895 | D:7      | Noticed Menkaure
  5901 | D:7      | Killed Menkaure
  6214 | D:7      | Reached XP level 9. HP: 45/45 MP: 18/26
  6289 | D:7      | Noticed Dowan
  6308 | D:7      | Noticed Duvessa
  6325 | D:7      | Killed Dowan
  6327 | D:7      | Killed Duvessa
  6516 | D:7      | Found a staircase to the Ecumenical Temple.
  6526 | Temple   | Entered the Ecumenical Temple
  7016 | D:7      | Reached skill level 10 in Conjurations
  7109 | D:7      | Noticed Pikel
  7117 | D:7      | Killed Pikel
  7295 | D:7      | Found a radiant altar of Vehumet.
  7989 | D:8      | Reached skill level 1 in Shields
  8028 | D:8      | Found an ancient bone altar of Kikubaaqudgha.
  8038 | D:8      | Became a worshipper of Kikubaaqudgha
  8896 | D:9      | Reached XP level 10. HP: 50/50 MP: 17/29
  8900 | D:9      | Reached skill level 5 in Shields
  8969 | D:9      | Paralysed by a giant eyeball for 2 turns
  9462 | D:9      | Acquired Kikubaaqudgha's first power
  9462 | D:9      | Received a gift from Kikubaaqudgha
  9467 | D:9      | Identified Kikubaaqudgha's Grimoire of Sinister Rites (Kikubaaqudgha gifted it to you on level 9 of the Dungeon)
  9472 | D:9      | Learned a level 3 spell: Vampiric Draining
  9706 | D:10     | Entered Level 10 of the Dungeon
  9719 | D:10     | Identified 2 scrolls of acquirement
  9969 | D:10     | Noticed a hill giant
  9993 | D:10     | Killed a hill giant
 10156 | D:10     | Reached skill level 1 in Armour
 10395 | D:10     | Noticed Erolcha
 10405 | D:10     | Cast into the Abyss (Erolcha)
 10535 | Abyss:1  | Noticed a thrashing horror
 10547 | Abyss:1  | Killed a thrashing horror
 10547 | Abyss:1  | Reached XP level 11. HP: 35/54 MP: 11/30
 10796 | Abyss:1  | Reached skill level 1 in Evocations
 10811 | Abyss:1  | Noticed a large abomination
 10820 | Abyss:1  | Killed a large abomination
 10883 | Abyss:1  | Noticed a thrashing horror
 10909 | Abyss:1  | Slain by a thrashing horror

Action                   |  1- 3 |  4- 6 |  7- 9 | 10-12 || total
-------------------------+-------+-------+-------+-------++-------
Melee: Mace              |       |       |    63 |    79 ||   142
       Sling             |       |       |     1 |       ||     1
       Unarmed           |       |       |     2 |       ||     2
 Fire: Sling             |     6 |    98 |    17 |    29 ||   150
Throw: Stone             |    19 |       |       |       ||    19
 Cast: Flame Tongue      |    52 |    87 |   133 |    65 ||   337
       Throw Flame       |     1 |    12 |   120 |    17 ||   150
       Conjure Flame     |       |    17 |    34 |    30 ||    81
       Sticky Flame      |       |     1 |    20 |    16 ||    37
       Fireball          |       |       |     9 |     7 ||    16
       Vampiric Draining |       |       |       |     4 ||     4
  Use: Scroll            |       |       |     7 |    10 ||    17
       Potion            |       |       |       |    14 ||    14
